 Dungeon Sprint DCSS version 0.30-a0-715-gdb4ae3ece1 (webtiles) character file.

Game seed: 682444747110019929

106 wvc the Basher (level 4, -4/26 HPs)
             Began as a Gargoyle Gladiator on Jan 24, 2023.
             Was an Initiate of Cheibriados.
             Slain by a wyvern (9 damage)
             ... in the Dungeon (Sprint IX: "|||||||||||||||||||||||||||||").
             The game lasted 00:01:12 (209 turns).

wvc the Basher (Gargoyle Gladiator)                  Turns: 209, Time: 00:01:12

Health: -4/26      AC: 15    Str: 21    XL:     4   Next: 84%
Magic:  4/4        EV:  8    Int: 10    God:    Cheibriados [......]
Gold:   0          SH:  0    Dex: 14    Spells: 3/3 levels left

rFire   . . .      SeeInvis .    a - +0 flail
rCold   . . .      Faith    .    (no shield)
rNeg    + . .      Spirit   .    s - +1 chain mail
rPois   ∞          Reflect  .    c - +0 helmet
rElec   +          Harm     .    (no cloak)
rCorr   .          Rampage  .    r - +0 pair of gloves
Will    .....      NoTele   +    q - +0 pair of boots Stlth
                                 (no amulet)
HPRegen 0.24/turn                t - +3 ring of strength
MPRegen 0.09/turn                (no ring)

@: very slow
A: sickness immunity, AC +3, negative energy resistance 1, electricity
resistance, torment resistance 1, petrification resistance
a: Renounce Religion


You were in the Dungeon.
You worshipped Cheibriados.
Cheibriados was noncommittal.
You visited 1 branch

Inventory:

Hand Weapons
 a - a +0 flail (weapon)
 o - a +0 lajatang
 p - a +2 heavy morningstar
Missiles
 d - 3 throwing nets (quivered)
 e - a javelin
Armour
 c - a +0 helmet (worn)
 q - a +0 pair of boots (worn)
 r - a +0 pair of gloves (worn)
 s - a +1 chain mail (worn)
Jewellery
 b - a +3 ring of intelligence
 t - a +3 ring of strength (left hand)
Wands
 n - a wand of roots (10)
Scrolls
 k - 2 scrolls of blinking
 m - 2 scrolls of amnesia
Potions
 f - 5 potions of curing
 g - 3 potions of heal wounds
 h - a potion of haste
 i - 4 potions of magic
 j - a potion of berserk rage
 l - a potion of invisibility


   Skills:
 - Level 2.1 Fighting
 + Level 9.6 Maces & Flails
 - Level 1.7 Throwing
 - Level 2.4 Dodging


You had 3 spell levels left.
You didn't know any spells.
Your spell library was empty.

Dungeon Overview and Level Annotations

Branches:
Dungeon (1/1)

Altars:
Cheibriados
Dithmenos
Elyvilon
Fedhas
Gozag
Hepliaklqana
Kikubaaqudgha
Makhleb
Nemelex Xobeh
Okawaru
Qazlal
Ru
Sif Muna
Trog
Uskayaw
Vehumet
Wu Jian
Xom
Yredelemnul
Zin
The Shining One
Jiyva
Lugonu


Innate Abilities, Weirdness & Mutations

You are immune to sickness and miasma.
Your stone body is resilient. (AC +3)
You are immune to poison.
You resist negative energy. (rN+)
You are resistant to electric shocks. (rElec)
You are resistant to unholy torment.
You are immune to petrification.


Message History

You continue putting on your +0 pair of boots. x4
You finish putting on your +0 pair of boots.
You see here a +0 pair of gloves.
r - a +0 pair of gloves You start putting on your armour.
You continue putting on your +0 pair of gloves. x4
You finish putting on your +0 pair of gloves.
You see here a +1 chain mail.
s - a +1 chain mail You start removing your armour.
You continue taking off your +0 leather armour. x4
You finish taking off your +0 leather armour.
You start putting on your armour.
You continue putting on your +1 chain mail. x5
You finish putting on your +1 chain mail.
You drop a +0 leather armour.
b - a +3 ring of intelligence
t - a +3 ring of strength You feel stronger.
t - a +3 ring of strength (left hand)
You open the door.
A wyvern, a troll, a vampire, a killer bee, a centaur and a two-headed ogre come into view.
The wyvern hisses angrily.
The centaur shouts!
The two-headed ogre shouts in stereo!
The wyvern bites you!
You thump the wyvern!
The wyvern is heavily wounded.
The vampire casts a spell.
The vampire flickers and vanishes!
Deactivating autopickup; reactivate with Ctrl-A.
The wyvern closely misses you.
You barely miss the wyvern.
The wyvern is heavily wounded.
The wyvern bites you!
* * * LOW HITPOINT WARNING * * *
The wyvern bites you but does no damage.
You hit the wyvern but do no damage.
The wyvern is heavily wounded.
The wyvern bites you!
You die...

▓.▓
▓.▓
▓)▓
▓.▓
▓.▓
▓.▓
▓[▓
▓.▓
▓@▓
▓l▓
▓T▓
▓{▓
▓y▓
▓.▓
▓O▓
▓c▓


You could see a two-headed ogre, a troll, a wyvern, a centaur and a killer bee.

Vanquished Creatures
  An ice beast (D)
  An adder (D)
  A dart slug (D)
  An orc (D)
  An endoplasm (D)
  A hobgoblin (D)
  A kobold (D)
  A quokka (D)
  A bat (D)
  A frilled lizard (D)
10 creatures vanquished.

Notes
Turn   | Place    | Note
-------+----------+-------------------------------------------
     0 | D        | wvc the Gargoyle Gladiator began the quest for the Orb.
     0 | D        | Reached XP level 1. HP: 12/12 MP: 1/1
     7 | D        | Banished a spatial maelstrom
    12 | D        | Reached skill level 4 in Maces & Flails
    40 | D        | Noticed an ice beast
    45 | D        | Reached skill level 5 in Maces & Flails
    45 | D        | Reached XP level 2. HP: 17/17 MP: 2/2
    52 | D        | Killed an ice beast
    53 | D        | Reached skill level 9 in Maces & Flails
    53 | D        | Reached XP level 3. HP: 5/21 MP: 3/3
    53 | D        | Reached XP level 4. HP: 6/26 MP: 4/4
   137 | D        | Found a snail-covered altar of Cheibriados.
   137 | D        | Found a shadowy altar of Dithmenos.
   137 | D        | Found a white marble altar of Elyvilon.
   137 | D        | Found a blossoming altar of Fedhas.
   137 | D        | Found an opulent altar of Gozag.
   138 | D        | Found a hazy altar of Hepliaklqana.
   139 | D        | Found a viscous altar of Jiyva.
   140 | D        | Found an ancient bone altar of Kikubaaqudgha.
   141 | D        | Became a worshipper of Cheibriados the Contemplative
   142 | D        | Found a corrupted altar of Lugonu.
   143 | D        | Found a burning altar of Makhleb.
   144 | D        | Found a sparkling altar of Nemelex Xobeh.
   145 | D        | Found an iron altar of Okawaru.
   146 | D        | Found a stormy altar of Qazlal.
   147 | D        | Found a sacrificial altar of Ru.
   148 | D        | Found a shimmering blue altar of Sif Muna.
   149 | D        | Found a bloodstained altar of Trog.
   150 | D        | Found a hide-covered altar of Uskayaw.
   151 | D        | Found a radiant altar of Vehumet.
   152 | D        | Found an ornate altar of the Wu Jian Council.
   153 | D        | Found a shimmering altar of Xom.
   154 | D        | Found a basalt altar of Yredelemnul.
   155 | D        | Found a glowing silver altar of Zin.
   156 | D        | Found a glowing golden altar of the Shining One.
   206 | D        | Noticed a wyvern
   206 | D        | Noticed a troll
   206 | D        | Noticed a vampire
   206 | D        | Noticed a centaur
   206 | D        | Noticed a two-headed ogre
   209 | D        | Slain by a wyvern

Illustrated notes

Levels and vault maps discovered:
D:        linesprint [early_d, line_temple, items_1, d_10, items_2, lair_1,
          lair_end, items_3, orc_1, orc_end, items_4, d_15, swamp_1, shoals_1,
          snake_1, spider_1, d_20, vaults_1, items_5, swamp_end, shoals_end,
          snake_end, spider_end, vaults_end, d_27, items_6, zot_1, zot_end,
          crypt_end, forest_end, elf_end, slime_end, tomb_end, abyss_end,
          pan_hell_end]

Skill      XL: |  1  2 |
---------------+-------+-----
Maces & Flails | 5 9 |  9.6
Fighting       | |  2.1
Throwing       | |  1.7
Dodging        | |  2.4

Action                     |  1- 3 |  4- 6 || total
---------------------------+-------+-------++-------
  Melee: Flail             |    21 |     6 ||    27
         Punch             |     1 |       ||     1
  Throw: Throwing net      |     1 |       ||     1
 Armour: Leather armour    |     8 |       ||     8
         Chain mail        |       |     1 ||     1
  Dodge: Dodged            |     7 |     3 ||    10

Table legend: (Time is in decaauts)
 A = Elapsed time spent in this place.
 B = Non-inter-level travel time spent in this place.
 C = Inter-level travel time spent in this place.
 D = Time resting spent in this place.
 E = Time spent auto-exploring this place.
 F = Levels seen in this place.
 G = Mean time per level.
                   A        B        C        D        E       F      G
               +--------+--------+--------+--------+--------+-----+--------+
         Total |    220 |    220 |      0 |     93 |     24 |   1 |  220.0 |
       Dungeon |    220 |    220 |      0 |     93 |     24 |   1 |  220.0 |
               +--------+--------+--------+--------+--------+-----+--------+

Top non-repeatable levels by time:
       D: 220 daAuts
